AoeStats
← fernando

Arena

509112946Analyzed
1v1 RM · 8d ago on Sep 25, 2026· 33m 24s· 2 players
Game mode
Random Map
Map size
Tiny (2 player)
Population
200
Speed
Normal
Resources
Standard
Victory
Conquest
Starting age
Dark Age
Ending age
Imperial Age
RankedLock teamsTeams togetherTeam positionsShared explorationLock speedFull tech treeHidden civsTurbo modeCheats
Victory
Defeat
🇩🇪 Spanish · Germany
1203
+18
🇨🇱 Mongols · Chile
1238
-18
killamaxi92
11:11 Feudal Age
15:02 Castle Age
13:45 Loom
13:51 Double-Bit Axe
23:40 Wheelbarrow
29:18 Imperial Age
26:35 Town Watch
28:26 Fletching
29:01 Hand Cart
29:05 Bow Saw
28:43 Horse Collar
29:32 Bodkin Arrow
31:22 Chemistry
31:02 Conscription
31:30 Husbandry
32:51 Two-Man Saw
32:39 Bloodlines
31:49 Light Cavalry
32:52 Forging
32:48 Scale Barding Armor
33:06 Ballistics
32:45 Gold Mining
fernando
9:34 Feudal Age
10:39 Double-Bit Axe
10:50 Double-Bit Axe
16:17 Castle Age
15:06 Gold Mining
14:58 Horse Collar
18:44 Loom
25:21 Bow Saw
25:23 Stone Mining
30:57 Imperial Age
29:17 Gold Shaft Mining
29:43 Wheelbarrow
28:54 Town Watch
29:58 Fletching
31:03 Bodkin Arrow
32:03 Conscription
32:02 Capped Ram
Connection lost

Rejoining the realm…

Still unreachable

The connection could not be restored.

Session expired

The server has moved on; the page needs a fresh start.